 Dungeon Crawl Stone Soup version 0.31-a0-828-gb7646bb5e3 (webtiles) character file.

Game seed: 4813315371843001887

399 Bnni the Vexing (level 7, -1/51 HPs)
             Began as a Formicid Hexslinger on Sept 23, 2023.
             Slain by a gnoll
             ... wielding a +0 halberd
              (6 damage)
             ... on level 4 of the Dungeon on Sept 24, 2023.
             The game lasted 00:09:42 (3743 turns).

Bnni the Vexing (Formicid Hexslinger)               Turns: 3743, Time: 00:09:43

Health: -1/51      AC:  7    Str: 13    XL:     7   Next: 10%
Magic:  5/10       EV: 12    Int: 12    God:
Gold:   297        SH:  0    Dex: 18    Spells: 1/10 levels left

rFire   . . .        a - +1 sling
rCold   . . .        (no shield)
rNeg    . . .        f - +3 leather armour
rPois   .            (helmet unavailable)
rElec   .            (no cloak)
rCorr   .            (no gloves)
SInv    +            t - +0 pair of boots
Will    .....        (no amulet)
Stlth   +            (no ring)
HPRegen 0.28/turn    (no ring)
MPRegen 0.12/turn

%: no passive effects
@: lethally poisoned (-1 -> -6), weak-willed
A: permanent stasis, dig shafts and tunnels, antennae 3, four strong arms
a: Dig, Shaft Self


You were on level 4 of the Dungeon.
You visited 1 branch of the dungeon, and saw 4 of its levels.
You also visited: Sewer.

You collected 297 gold pieces.

Inventory:

Hand Weapons
 a - a +1 sling (weapon)
 u - a +1 short sword of venom
Armour
 f - a +3 leather armour (worn)
 o - the +6 scale mail "Ziajiera" {Rampage *Slow rF++ SInv}
   (You found it on level 3 of the Dungeon)

   rF++:      It greatly protects you from fire.
   SInv:      It lets you see invisible.
   *Slow:     It may slow you when you take damage.
   Rampage:   It bestows one free step when moving towards enemies.
 t - a +0 pair of boots (worn)
Wands
 c - a wand of charming (6)
 n - a wand of iceblast (7)
Scrolls
 b - 4 scrolls of poison
 e - a scroll of revelation {unknown}
 h - 3 scrolls of teleportation
 j - a scroll of blinking {unknown}
 l - a scroll of torment {unknown}
 p - 4 scrolls of amnesia {unknown}
 q - a scroll of enchant armour {unknown}
 s - a scroll of identify {unknown}
 w - a scroll of enchant weapon {unknown}
Potions
 d - a potion of resistance {unknown}
 g - a potion of haste {unknown}
 i - a potion of brilliance {unknown}
 k - a potion of might {unknown}
 m - 4 potions of curing {unknown}
 r - a potion of mutation {unknown}
 v - 4 potions of enlightenment


   Skills:
 + Level 2.6 Fighting
 * Level 3.8 Ranged Weapons
 + Level 1.7 Armour
 - Level 1.7 Dodging
 + Level 2.4 Spellcasting
 * Level 5.4 Hexes
 - Level 3.0 Fire Magic


You had one spell level left.
You knew the following spells:

 Your Spells              Type           Power      Damage    Failure   Level
a - Jinxbite              Hex            28%        N/A       5%          2
b - Inner Flame           Hex/Fire       11%        N/A       19%         3
d - Cause Fear            Hex            7%         N/A       34%         4

Your spell library contained the following spells:

 Spells                   Type           Power      Damage    Failure   Level
 Sigil of Binding         Hex            14%        N/A       11%         3
 Lesser Beckoning         Tloc           2%         N/A       45%         2
 Momentum Strike          Conj/Tloc      2%         3d8       45%         2
 Dimensional Bullseye     Hex/Tloc       3%         N/A       73%         4
 Blink                    Tloc           Unusable   N/A       N/A         2

Dungeon Overview and Level Annotations

Branches:
Dungeon (4/15)              Sewer (visited)
 Temple: D:4-7

Altars:
Ashenzari
Zin

Shops:
D:1 :   D:3 !


Innate Abilities, Weirdness & Mutations

You cannot be hasted, slowed, berserked, paralysed or teleported.
You can dig through walls and to a lower floor.
You have a pair of large antennae on your head. (SInv)
Your four strong arms can wield two-handed weapons with a shield.


Message History

You feel very sick. The gnoll hits you but does no damage.
The orc priest hits you but does no damage.
You are more poisoned.
Unknown command.
You shoot a sling bullet. The sling bullet hits the orc priest!
You kill the orc priest!
You feel very sick. The gnoll barely misses you.
Unknown command.
You shoot a sling bullet.
The sling bullet hits the gnoll but does no damage.
You feel very sick. The gnoll closely misses you.
An orc comes into view. It is wielding a +0 club.
You shoot a sling bullet. The sling bullet hits the gnoll.
The gnoll is heavily wounded.
You feel very sick.
An orc comes into view. It is wielding a +0 short sword.
The gnoll closely misses you.
Unknown command.
Okay, then.
Casting: Jinxbite (safe; 5% risk of failure)
Confirm with . or Enter, or press ? or * to list all spells.
Aiming: Inner Flame (dangerous; 19% risk of failure)
Press: ? - help, Dir - move target, f/p - gnoll
Aim: a gnoll, wielding a +0 halberd (heavily wounded, chance to affect: 71%)
The gnoll is filled with an inner flame.
You feel sick.
The gnoll hits you from afar with a +0 halberd!
* * * LOW HITPOINT WARNING * * *
Fire: a) +1 sling
Press: ? - help, Shift-Dir - straight line, f/p - gnoll
Aim: a gnoll, wielding a +0 halberd (heavily wounded, inner flame, 65% to hit)
You shoot a sling bullet.
The sling bullet barely misses the gnoll. x2
* * * LOW HITPOINT WARNING * * *
You feel sick. The gnoll closely misses you.
The gnoll hits you from afar with a +0 halberd.
You die...

.### ..o.g####
...oog).# ##@######
#.......# #+##
#..####.# ##...##
#..### ##.....## #....#
##.......######.##.#
............##...#.##.
......................#
#..................####


You could see 2 gnolls and 3 orcs.

Vanquished Creatures
  2 orc priests (D:4)
  An iguana (D:4)
  A malarious merfolk avatar (Sewer)
  A sickly merfolk siren (Sewer)
  9 adders
  4 gnolls (D:4)
  4 river rats
  An ufetubus (D:4)
  A worm (D:3)
  3 orcs
  13 ball pythons
  9 endoplasms
  5 giant cockroaches
  9 hobgoblins
  A jackal (D:3)
  8 kobolds
  5 quokkas
  8 bats
  4 frilled lizards
  4 goblins
  28 rats
121 creatures vanquished.

Notes
Turn   | Place    | Note
-------+----------+-------------------------------------------
     0 | D:1      | Bnni the Formicid Hexslinger began the quest for the Orb.
     0 | D:1      | Reached XP level 1. HP: 15/15 MP: 2/2
   239 | D:1      | Reached XP level 2. HP: 21/21 MP: 3/3
   335 | D:1      | Learned a level 2 spell: Jinxbite
   347 | D:1      | Found Ketraes's Book Shop.
   434 | D:1      | Reached skill level 4 in Hexes
   659 | D:1      | Reached XP level 3. HP: 26/26 MP: 4/4
  1378 | D:2      | Reached XP level 4. HP: 26/32 MP: 6/6
  1767 | D:2      | Upgraded the game from 0.31-a0-818-ge7c7cf74f0 to
                  | 0.31-a0-828-gb7646bb5e3
  1771 | D:2      | Learned a level 3 spell: Inner Flame
  1814 | D:3      | Found Umoomog's Distillery.
  1877 | D:3      | Identified the +6 scale mail "Ziajiera" {Rampage *Slow rF++
                  | SInv}
  1905 | D:3      | Found a faded altar of an unknown god.
  2206 | D:3      | Found a glowing silver altar of Zin.
  2586 | D:4      | Reached XP level 5. HP: 33/38 MP: 4/7
  2892 | D:4      | Reached skill level 1 in Armour
  2900 | D:4      | Found a broken altar of Ashenzari.
  2952 | D:4      | Reached XP level 6. HP: 39/44 MP: 5/9
  2991 | D:4      | Found a glowing drain.
  3030 | Sewer    | Entered a sewer
  3157 | Sewer    | Learned a level 4 spell: Cause Fear
  3242 | Sewer    | Reached skill level 5 in Hexes
  3738 | D:4      | Reached XP level 7. HP: 39/51 MP: 7/10
  3743 | D:4      | Slain by a gnoll

Illustrated notes

Levels and vault maps discovered:
D:1:      lemuel_arrival_tunnels, layout_loops_corners, serial_shops, shop
D:2:      layout_loops_cross
D:3:      minmay_spotlight, layout_basic, zin_statuary, serial_shops,
          shop_fountains, shapermc_ecumenical_altar_mp_highgroup
D:4:      layout_loops_corners, mainiacjoe_overflow_cross_hatched,
          portal_sewer_entry_a

Skill      XL: |  1  2  3  4  5  6 |
---------------+-------------------+-----
Hexes          | 4 5 |  5.4
Fire Magic     | 2 3 |  3.0
Ranged Weapons | 3 |  3.8
Fighting       | 2 |  2.6
Armour         | 1 |  1.7
Spellcasting   | 2 |  2.4
Dodging        | |  1.7

Action                     |  1- 3 |  4- 6 |  7- 9 || total
---------------------------+-------+-------+-------++-------
   Fire: Sling             |    92 |   261 |     5 ||   358
   Cast: Jinxbite          |       |    13 |       ||    13
         Inner Flame       |       |       |     1 ||     1
 Armour: Robe              |     7 |       |       ||     7
         Leather armour    |    23 |    90 |     4 ||   117
  Dodge: Dodged            |    34 |   126 |     4 ||   164

Table legend: (Time is in decaauts)
 A = Elapsed time spent in this place.
 B = Non-inter-level travel time spent in this place.
 C = Inter-level travel time spent in this place.
 D = Time resting spent in this place.
 E = Time spent auto-exploring this place.
 F = Levels seen in this place.
 G = Mean time per level.
                   A        B        C        D        E       F      G
               +--------+--------+--------+--------+--------+-----+--------+
         Total |   3893 |   3709 |    184 |    184 |   2583 |   5 |  778.6 |
       Dungeon |   3127 |   2943 |    184 |      0 |   2272 |   4 |  781.8 |
         Sewer |    765 |    765 |      0 |    184 |    310 |   1 |  765.0 |
               +--------+--------+--------+--------+--------+-----+--------+

Top non-repeatable levels by time:
     D:1: 1095 daAuts
     D:3: 806 daAuts
   Sewer: 765 daAuts
     D:2: 718 daAuts
     D:4: 506 daAuts
